 Dungeon Crawl Stone Soup version 0.29-a0-284-gf9362112df (webtiles) character file.

Game seed: 175853727624652724

68 gzilladon the Poker (level 4, 0/60 HPs)
             Began as a Minotaur Berserker on Mar 22, 2022.
             Was a Follower of Trog.
             Slain by a gnoll
             ... wielding a +2 spear of distortion
              (6 damage)
             ... on level 3 of the Dungeon.
             The game lasted 00:11:05 (804 turns).

gzilladon the Poker (Minotaur Berserker)             Turns: 804, Time: 00:11:09

Health: 0/60       AC:  9    Str: 24    XL:     4   Next: 1%
Magic:  3/3        EV: 10    Int:  4    God:    Trog [*.....]
Gold:   71         SH:  0    Dex:  9    Spells: 3/3 levels left

rFire   . . .      SeeInvis .   k - +0 falchion
rCold   . . .      Faith    .   (no shield)
rNeg    + . .      Spirit   .   l - +3 scale mail {rN+}
rPois   .          Reflect  .   (helmet restricted)
rElec   .          Harm     .   (no cloak)
rCorr   .          Rampage  .   (no gloves)
Will    .....                   (no boots)
Stlth   ..........              (no amulet)
HPRegen 0.20/turn               (no ring)
MPRegen 0.08/turn               (no ring)

@: berserking (expiring), very quick
A: horns 2, retaliatory headbutt
a: Renounce Religion, Berserk


You were on level 3 of the Dungeon.
You worshipped Trog.
Trog was aware of your devotion.
You visited 1 branch of the dungeon, and saw 3 of its levels.

You collected 71 gold pieces.

Inventory:

Hand Weapons
 a - a +0 spear
 k - a +0 falchion (weapon)
Missiles
 c - 4 poisoned darts
 e - 12 stones (quivered)
 f - a curare-tipped dart
Armour
 b - a +0 animal skin
 h - a +0 cloak
 j - a +2 robe of positive energy
 l - a +3 scale mail of positive energy (worn)
Scrolls
 d - a scroll of teleportation {unknown}
Potions
 g - a potion of ambrosia {unknown}
 i - a potion of flight {unknown}
 m - a potion of resistance {unknown}
 n - a potion of berserk rage {unknown}


   Skills:
 + Level 4.3 Fighting
 + Level 0.5 Long Blades
 + Level 4.5 Polearms
 + Level 0.7 Throwing
 + Level 3.0 Armour
 + Level 2.6 Dodging


You had 3 spell levels left.
You didn't know any spells.
Your spell library was empty.

Dungeon Overview and Level Annotations

Branches:
Dungeon (3/15)

Altars:

Annotations:
D:3 BimmyJewtron's ghost, amateur DsWn


Innate Abilities, Weirdness & Mutations

You have a pair of horns on your head.
You reflexively headbutt those who attack you in melee.


Message History

The gnoll closely misses you.
You closely miss the gnoll.
A gnoll comes into view. It is wielding a +0 flail.
You slash the gnoll! Your headbutt misses the gnoll.
The gnoll is heavily wounded.
The gnoll closely misses you.
The gnoll hits you from afar with a +2 spear of distortion.
You blink.
A frilled lizard comes into view.
Found a whip.
The gnoll hits you with a +0 flail.
The frilled lizard hisses angrily.
You slash the gnoll! Your headbutt misses the gnoll.
The gnoll is severely wounded.
The gnoll hits you from afar with a +2 spear of distortion.
You blink.
You slash the gnoll!
You kill the gnoll!
Trog accepts your kill.
The gnoll hits you from afar with a +2 spear of distortion.
Space warps around you.
You have reached level 4!
You feel stronger. The gnoll hits you with a +0 flail.
The frilled lizard bites you.
Things that are here:
a +0 flail; a gnoll corpse You completely miss the gnoll.
The gnoll hits you but does no damage. Space warps horribly around you!
The gnoll closely misses you.
The frilled lizard bites you but does no damage.
You hit the gnoll. Your headbutt misses the gnoll.
The gnoll is heavily wounded.
The gnoll hits you from afar with a +2 spear of distortion.
Space warps horribly around you! The gnoll hits you with a +0 flail!
* * * LOW HITPOINT WARNING * * *
You hit the gnoll but do no damage.
The gnoll is heavily wounded.
The frilled lizard bites you but does no damage.
The gnoll hits you from afar with a +2 spear of distortion.
* * * LOW HITPOINT WARNING * * *
Space warps around you.
You die...

..≈# #≈ ..≈# #≈.
♣♣♣♣♣♣♣..≈#
#≈..♣.)♣..♣..≈#
#≈..♣..♣..♣..≈#
.
#≈.....♣.....≈#
.
#≈.....♣.....≈#
... .
#≈.....g@....≈#
... ..
#≈≈≈≈≈≈l≈≈≈≈≈≈#
...... ..
#######g#######
...... . #g#
#.##.#
#.#########.##.#
#.§..........#.#
#
#########....#.#
## #....#.###.
#..........


You could see 3 gnolls and a frilled lizard.

Vanquished Creatures
  Terence (D:2)
  A gnoll (D:3)
  2 worms (D:3)
  2 dart slugs
  3 bats
  3 endoplasms
  A giant cockroach (D:3)
  A goblin (D:1)
  A hobgoblin (D:2)
  A quokka (D:3)
  4 ball pythons
  2 kobolds (D:1)
  2 rats
24 creatures vanquished.

Notes
Turn   | Place    | Note
-------+----------+-------------------------------------------
     0 | D:1      | gzilladon the Minotaur Berserker began the quest for the
                  | Orb.
     0 | D:1      | Reached XP level 1. HP: 19/19 MP: 0/0
   245 | D:1      | Reached XP level 2. HP: 24/27 MP: 1/1
   461 | D:2      | Noticed Terence
   463 | D:2      | Killed Terence
   464 | D:2      | Reached XP level 3. HP: 33/33 MP: 2/2
   606 | D:3      | Noticed BimmyJewtron's ghost (amateur DsWn)
   801 | D:3      | Reached XP level 4. HP: 40/40 MP: 3/3
   804 | D:3      | Slain by a gnoll

Illustrated notes

Levels and vault maps discovered:
D:1:      roderic_octagonal_star, layout_loops_ring, minmay_misc_feat_rugged,
          st_stairs_13
D:2:      layout_basic, hellmonk_ecumenical_altar_blasted,
          chequers_serial_rivers_room_b, uniq_terence
D:3:      layout_rooms, hellmonk_ghost_happy_afterlife,
          kennysheep_generic_room_16

Skill      XL: |  1  2  3 |
---------------+----------+-----
Polearms       | 4 |  4.5
Fighting       | 4 |  4.3
Armour         | 3 |  3.0
Long Blades    | |  0.5
Throwing       | |  0.7
Dodging        | |  2.6

Action                   |  1- 3 |  4- 6 || total
-------------------------+-------+-------++-------
Melee: Spear             |    38 |       ||    38
       Headbutt          |    14 |       ||    14
       Falchion          |    35 |     3 ||    38
       Punch             |     2 |       ||     2
Throw: Stone             |    18 |       ||    18
       Dart              |     5 |       ||     5
Invok: Berserk           |     2 |       ||     2
  Use: Scroll            |     1 |       ||     1
Armor: Animal skin       |     9 |       ||     9
       Scale mail        |    11 |     3 ||    14
       Robe              |     5 |       ||     5
Dodge: Dodged            |    43 |     1 ||    44

Table legend: (Time is in decaauts)
 A = Elapsed time spent in this place.
 B = Non-inter-level travel time spent in this place.
 C = Inter-level travel time spent in this place.
 D = Time resting spent in this place.
 E = Time spent auto-exploring this place.
 F = Levels seen in this place.
 G = Mean time per level.
                   A        B        C        D        E       F      G
               +--------+--------+--------+--------+--------+-----+--------+
         Total |    818 |    584 |    234 |    220 |      0 |   3 |  272.7 |
       Dungeon |    818 |    584 |    234 |    220 |      0 |   3 |  272.7 |
               +--------+--------+--------+--------+--------+-----+--------+

Top non-repeatable levels by time:
     D:1: 420 daAuts
     D:3: 206 daAuts
     D:2: 190 daAuts
